 Dungeon Crawl Stone Soup version 0.19-a0-816-geccf914 (webtiles) character file.

156 Ordine the Shield-Bearer (level 5, 0/36 HPs)
             Began as an Octopode Monk on June 29, 2016.
             Slain by Terence
             ... wielding a +0 trident
              (3 damage)
             ... on level 3 of the Dungeon.
             The game lasted 00:07:09 (2820 turns).

Ordine the Shield-Bearer (Octopode Monk)            Turns: 2820, Time: 00:07:09

Health: 0/36       AC:  1    Str: 10    XL:     5   Next: 38%
Magic:  5/5        EV: 13    Int: 13    God:
Gold:   292        SH:  5    Dex: 15    Spells: 0 memorised, 4 levels left

rFire  . . .     SeeInvis .       - Unarmed
rCold  . . .     Gourm    .     c - +0 buckler
rNeg   . . .     Faith    .     (helmet restricted)
rPois  .         Spirit   .     (no amulet)
rElec  .         Dismiss  .     e - ring of stealth
rCorr  .         Reflect  .     (no ring)
SustAt .         Harm     .     (no ring)
MR     .....                    (no ring)
Stlth  +++++.....               (no ring)
                                (no ring)
                                (no ring)
                                (no ring)

@: very slightly contaminated, hasted, very quick, not resistant to hostile
enchantments, quite stealthy
A: almost no armour, amphibious, 8 rings, constrict 8, camouflage 1, gelatinous
body 1
a: no special abilities


You were on level 3 of the Dungeon.
You were not hungry.

You visited 1 branch of the dungeon, and saw 3 of its levels.

You collected 292 gold pieces.

Inventory:

Missiles
 b - 67 stones (quivered)
Armour
 c - a +0 buckler (worn)
Magical Staves
 r - an uncursed staff of poison
Jewellery
 e - a ring of stealth (left tentacle)
 q - an uncursed amulet of dismissal
Scrolls
 i - a scroll of enchant weapon
 s - a scroll of fear
Potions
 d - a potion of brilliance
 l - a potion of resistance
Comestibles
 a - 2 bread rations
 k - a beef jerky
 m - a slice of pizza
 n - a meat ration
 o - a royal jelly


   Skills:
 + Level 3.1 Fighting
 + Level 3.1 Dodging
 + Level 3.3 Stealth
 - Level 4.0 Shields
 * Level 3.6 Unarmed Combat


You had 4 spell levels left.
You didn't know any spells.

Dungeon Overview and Level Annotations

Branches:
Dungeon (3/15)

Altars:
Gozag

Annotations:
D:3 Terence


Innate Abilities, Weirdness & Mutations

You cannot wear most types of armour.
You are amphibious.
You can wear up to eight rings at the same time.
You can use your tentacles to constrict eight enemies at once.
Your skin changes colour to match your surroundings (Stealth+).
Your rubbery body absorbs attacks. (AC +1)


Message History

You tentacle-slap Terence.
Terence is severely wounded.
You constrict Terence, but do no damage.
You tentacle-slap Terence but do no damage.
Terence is severely wounded.
You constrict Terence, but do no damage.
Terence hits you with a trident.
* * * LOW HITPOINT WARNING * * *
You tentacle-slap Terence but do no damage.
You tentacle-slap Terence, but do no damage.
Terence is severely wounded.
You constrict Terence, but do no damage.
You tentacle-slap Terence but do no damage.
Terence is severely wounded.
You constrict Terence. Terence closely misses you.
You tentacle-slap Terence.
Terence is almost dead.
You constrict Terence, but do no damage.
Terence hits you with a trident.
You die...

#...#######.# ##...
+...'.......#
#####....
#...##########
......_..
+...'.........
.#.#....#
#...##..##### #
#...## #........#.##
###.# #.######.#..#
..# #
###.##.#######.####
##.
.........@@.........
+.
####.###.######.####
#. #. #[.# #. ###.##
#..o.# #..o.# ####
#...@# #... #....#
#... ....... #...


You could see Terence.

Vanquished Creatures
  An orc priest (D:3)
  Robin (D:2)
  4 adders (D:2)
  2 dart slugs
  3 giant geckos
  4 orcs (D:3)
  2 giant cockroaches (D:1)
  8 hobgoblins
  A jackal (D:1)
  7 kobolds
  2 quokkas (D:2)
  8 bats
  4 giant newts
  17 goblins
  3 rats
  A plant (D:1)
68 creatures vanquished.

Notes
Turn   | Place    | Note
--------------------------------------------------------------
     0 | D:1      | Ordine the Octopode Monk began the quest for the Orb.
     0 | D:1      | Reached XP level 1. HP: 16/16 MP: 1/1
   238 | D:1      | Reached XP level 2. HP: 21/21 MP: 2/2
   537 | D:1      | Reached skill level 1 in Shields
   628 | D:1      | Reached XP level 3. HP: 26/26 MP: 3/3
  1226 | D:2      | Reached skill level 2 in Shields
  1264 | D:2      | Found a faded altar of an unknown god.
  1577 | D:2      | Reached XP level 4. HP: 18/31 MP: 4/4
  1920 | D:2      | Reached skill level 3 in Shields
  2059 | D:2      | Noticed Robin
  2084 | D:2      | Killed Robin
  2441 | D:2      | Reached XP level 5. HP: 36/36 MP: 5/5
  2671 | D:3      | Found an opulent altar of Gozag.
  2735 | D:3      | Found an opulent altar of Gozag.
  2791 | D:3      | Noticed Terence
  2802 | D:3      | Reached skill level 4 in Shields
  2820 | D:3      | Slain by Terence

Vault maps used:
D:1:      dpeg_arrival_brainrot, serial_forest, infiniplex_forest_fountain,
          infiniplex_forest_straight_3, infiniplex_forest_clump_long,
          infiniplex_forest_lined_3, infiniplex_forest_clump_long,
          infiniplex_forest_lined_corner, infiniplex_forest_clump_cross,
          st_stairs_13, minmay_pentomino_q2
D:2:      ecumenical_altar_1, minivault_4, uniq_robin
D:3:      nicolae_overflow_crystal_walls, grunt_gozag_breadcrumbs, uniq_terence,
          uniq_grinder, uniq_sigmund

Skill      XL: |  1  2  3  4  5 |
---------------+----------------+-----
Stealth        | 3 |  3.3
Shields        | 1 2 3 4 |  4.0
Fighting       | |  3.1
Dodging        | |  3.1
Unarmed Combat | |  3.6

Action                   |  1- 3 |  4- 6 || total
-------------------------+-------+-------++-------
Melee: Unarmed           |   155 |    74 ||   229
       Constrict         |    23 |    16 ||    39
       Tentacles         |    40 |     7 ||    47
       Punch             |     5 |     3 ||     8
  Use: Scroll            |    13 |     2 ||    15
       Potion            |       |     6 ||     6
 Stab: Sleeping          |     9 |     7 ||    16
       Distracted        |       |     1 ||     1
  Eat: Chunk             |     2 |     4 ||     6
Armor: Skin              |     6 |     8 ||    14
Dodge: Dodged            |    47 |    31 ||    78
Block: Buckler           |       |    12 ||    12
